[Event "*** Titled Tuesday Blitz"]
[Site "Chess.com"]
[Date "2018.11.06"]
[Round "9"]
[White "kuli4ik"]
[Black "Gr3egor"]
[Result "1-0"]
[WhiteElo "2796"]
[BlackElo "2499"]
[TimeControl "180+2"]
[EndTime "15:03:51 PST"]
[Termination "kuli4ik won by resignation"]

1. Nf3 d5 2. g3 Nf6 3. Bg2 e6 4. O-O Be7 5. d3 O-O 6. Nbd2 c6 7. e4 Qc7 8. Qe2 a5 9. h4 Na6 10. a3 b5 11. Re1 b4 12. a4 Nc5 13. e5 Nfd7 14.
Nf1 Ba6 15. N1h2 b3 16. c4 dxc4 17. dxc4 Nb6 18. Nd2 Rad8 19. Ng4 Nd3 20. Rd1 Nxc4 21. Nxc4 Bxc4 22. Nh6+ gxh6 23. Qg4+ Kh8 24. Bxh6 Rg8 25. Qxc4 Nxe5 26. Qxb3 Bf6 27. Bf4 Rb8 28. Qc2 Qb6 29. Rab1 Rgd8 30. Re1 Nd3 31. Re4 Qb3 32. Qe2 Qa2 33.
Qc2 Rxb2 34. Rxb2 Qxb2 35. Qxb2 Nxb2 36. Bc7 Rd1+ 37. Kh2 Bd8 38. Be5+ 1-0

[Event "*** Titled Tuesday Blitz"]
[Site "Chess.com"]
[Date "2018.11.06"]
[Round "9"]
[White "BilodeauA"]
[Black "danyuffa"]
[Result "0-1"]
[WhiteElo "2842"]
[BlackElo "2694"]
[TimeControl "180+2"]
[EndTime "15:03:54 PST"]
[Termination "danyuffa won by resignation"]

1. d4 Nf6 2. Nc3 d5 3. Bf4 a6 4. e3 c5 5. Nf3 Nc6 6. Ne5 e6 7. Be2 Be7 8. O-O O-O 9. Nxc6 bxc6 10. Na4 cxd4 11. exd4 a5 12. c4 Ba6 13. c5 Bxe2 14. Qxe2 Nd7 15. a3 Bf6 16. Rfd1 Re8 17. h3 e5 18. dxe5 Bxe5 19. Bxe5 Rxe5 20. Qd2 Re4 21.
b3 Rb8 22. f3 Re6 23. b4 axb4 24. axb4 Qh4 25. Rab1 Rbe8 26. Qf2 Qg5 27. Re1 Ne5 28. Kh1 Nd3 0-1

[Event "*** Titled Tuesday Blitz"]
[Site "Chess.com"]
[Date "2018.11.06"]
[Round "9"]
[White "ddtru"]
[Black "lucasmito"]
[Result "0-1"]
[WhiteElo "2318"]
[BlackElo "2502"]
[TimeControl "180+2"]
[EndTime "15:04:06 PST"]
[Termination "lucasmito won on time"]

1. d4 Nf6 2. Nf3 g6 3. c4 Bg7 4.
Nc3 O-O 5. e4 d6 6. Be2 Na6 7.
O-O e5 8. Be3 c6 9. Re1 Ng4 10.
Bg5 f6 11. Bc1 exd4 12. Nxd4 f5 13. Bxg4 fxg4 14. Be3 Nc5 15. Qc2 Be5 16. Nce2 Qh4 17. Ng3 Qf6 18. Rad1 a5 19. Rf1 a4 20. f4 gxf3 21.
Nxf3 Bf4 22. Bd4 Qe7 23. Rde1 Bg4 24. Bc3 Ne6 25. Ne2 Be5 26. Nxe5 dxe5 27. h3 Bxe2 28. Qxe2 Nf4 29. Qe3 Rad8 30. Kh2 Rd3 31. Qf2 a3 32. g3 axb2 33. Bxb2 Qe6 0-1

[Event "*** Titled Tuesday Blitz"]
[Site "Chess.com"]
[Date "2018.11.06"]
[Round "9"]
[White "albi1999"]
[Black "GCamachoMartinez"]
[Result "0-1"]
[WhiteElo "2445"]
[BlackElo "2334"]
[TimeControl "180+2"]
[EndTime "15:04:08 PST"]
[Termination "GCamachoMartinez won by resignation"]

1. d4 d5 2. c4 dxc4 3. Nf3 Nf6 4.
e3 e6 5. Bxc4 c5 6. O-O a6 7.
Nc3 Nc6 8. Qe2 Be7 9. Rd1 cxd4 10. exd4 Na5 11. Bd3 O-O 12. Bg5 g6 13. Ne5 Nc6 14.
Nxc6 bxc6 15. Rac1 Nd5 16. Bxe7 Qxe7 17. Ne4 Nf4 18. Qe3 Nxd3 19. Rxd3 Bb7 20. Nc5 Rfd8 21. Qh6 Rd6 22. Re1 Rad8 23. Rh3 f5 24. Nb3 e5 25. dxe5 Rd1 26. Re3 Qb4 27. Kf1 a5 28. f3 a4 29.
Nc1 Ba6+ 30. Kf2 Qd2+ 0-1

[Event "*** Titled Tuesday Blitz"]
[Site "Chess.com"]
[Date "2018.11.06"]
[Round "9"]
[White "wonderfultime"]
[Black "murmah2003"]
[Result "1-0"]
[WhiteElo "2793"]
[BlackElo "2505"]
[TimeControl "180+2"]
[EndTime "15:04:19 PST"]
[Termination "wonderfultime won on time"]

1. d4 Nf6 2. Nf3 g6 3. Bg5 Bg7 4. Nbd2 d6 5. e4 O-O 6. c3 c5 7. dxc5 dxc5 8. Bc4 Nc6 9. Qe2 Qc7 10. O-O b6 11. h3 Nh5 12. Qe3 Bb7 13. Rfe1 Rad8 14.
e5 Na5 15. Bf1 f6 16. Bh6 Bd5 17. b4 Nb7 18. a4 Bxh6 19. Qxh6 Ng7 20. Ne4 Nf5 21.
Qf4 cxb4 22. cxb4 Ng7 23. Rac1 Qb8 24. Qe3 Nf5 25. Qc3 Rc8 26. Qb2 Bxe4 27. Rxe4 Rxc1 28. Qxc1 Rc8 29. Qb2 Kg7 30. g4 Nh6 31. exf6+ exf6 32. Re7+ Nf7 33. Ng5 Nd6 34. Ne6+ 1-0

[Event "*** Titled Tuesday Blitz"]
[Site "Chess.com"]
[Date "2018.11.06"]
[Round "9"]
[White "mitrabhaa"]
[Black "Jbd735"]
[Result "0-1"]
[WhiteElo "2588"]
[BlackElo "2502"]
[TimeControl "180+2"]
[EndTime "15:04:23 PST"]
[Termination "Jbd735 won by resignation"]

1. d4 d5 2. Nf3 Nf6 3. c4 c6 4.
Nc3 e6 5. Bg5 dxc4 6. a4 Bb4 7. e3 Qa5 8. Bxf6 Bxc3+ 9. bxc3 Qxc3+ 10. Nd2 gxf6 11. Bxc4 O-O 12. O-O Nd7 13. Rb1 Qa5 14. e4 Nb6 15. Rb3 Kh8 16. Rh3 Rg8 17. f4 Nxc4 18. Nxc4 Qb4 19. Qc2 Rg7 20. e5 f5 21.
Rb1 Qe7 22. Nd6 Rb8 23. a5 Qd7 24. Qf2 b6 25. Qh4 c5 26. Qf6 Kg8 27. Rbb3 Bb7 28. Rhg3 Rg6 29. Rxg6+ fxg6 30. axb6 Bd5 31. bxa7 Rxb3 32.
h4 Rb2 33. h5 Rxg2+ 34. Kf1 Qxa7 35. Qd8+ Kg7 36. Qf6+ Kh6 37. Nf7+ Kxh5 0-1

[Event "*** Titled Tuesday Blitz"]
[Site "Chess.com"]
[Date "2018.11.06"]
[Round "9"]
[White "ShadowJolteon"]
[Black "dmosesov"]
[Result "1-0"]
[WhiteElo "2395"]
[BlackElo "2354"]
[TimeControl "180+2"]
[EndTime "15:04:26 PST"]
[Termination "ShadowJolteon won by resignation"]

1. d4 Nf6 2. c4 e6 3. g3 d5 4. Nf3 Bb4+ 5. Bd2 Bd6 6. Bg2 O-O 7.
O-O c6 8. Bg5 Nbd7 9. Nbd2 h6 10. Bxf6 Nxf6 11. Qc2 b5 12. b3 bxc4 13. bxc4 Ba6 14.
Rfe1 Bb4 15. Rab1 Ba5 16. Rec1 Rc8 17. e4 dxc4 18. Nxc4 Bxc4 19. Qxc4 Nxe4 20. Qd3 Nf6 21. Ne5 c5 22. Rxc5 Bb6 23. Rxc8 Qxc8 24. Nc6 Kh8 25.
a4 Qc7 26. a5 Bxa5 27. Qa3 Rc8 28. Qxa5 Qxa5 29. Nxa5 Rc2 30. Nc6 Ng4 31. Rb8+ Kh7 32.
Be4+ 1-0

[Event "*** Titled Tuesday Blitz"]
[Site "Chess.com"]
[Date "2018.11.06"]
[Round "9"]
[White "GMHess"]
[Black "FMJoseHerrera"]
[Result "0-1"]
[WhiteElo "2649"]
[BlackElo "2528"]
[TimeControl "180+2"]
[EndTime "15:04:27 PST"]
[Termination "FMJoseHerrera won by resignation"]

1. d4 Nf6 2. c4 c5 3. dxc5 g6 4. Nc3 Bg7 5. e4 O-O 6. Be3 Qa5 7.
Qd2 Na6 8. f3 Nxc5 9. Rb1 Qc7 10. g4 d6 11. h4 h5 12. g5 Nfd7 13. Bg2 Ne5 14. b3 Be6 15. Nge2 Bxc4 16. O-O Be6 17. f4 Ng4 18. f5 Bd7 19. Nd5 Qd8 20. f6 exf6 21. Bd4 fxg5 22. Bxg7 Kxg7 23. hxg5 Ne6 24. Nf6 Qb6+ 25. Kh1 Bb5 26. Nc3 Bxf1 27. Rxf1 Qe3 28.
Qb2 Qxg5 29. Nxg4 hxg4 30. Nd5+ Qe5 31. Qxe5+ dxe5 32. Kg1 f5 33. exf5 gxf5 34. Ne7 f4 35. Bxb7 Rad8 36. Be4 Ng5 37. Bb1 Rd2 38. Nf5+ Kf6 39.
Ne3 Nf3+ 0-1

[Event "*** Titled Tuesday Blitz"]
[Site "Chess.com"]
[Date "2018.11.06"]
[Round "9"]
[White "KenanGarayev"]
[Black "Iyael"]
[Result "1-0"]
[WhiteElo "2720"]
[BlackElo "2052"]
[TimeControl "180+2"]
[EndTime "15:04:27 PST"]
[Termination "KenanGarayev won by resignation"]

1. Nf3 Nf6 2. g3 g6 3. b3 Bg7 4.
Bb2 b5 5. Bg2 Bb7 6. O-O O-O 7.
c4 bxc4 8. bxc4 c5 9. Nc3 Nc6 10. e3 e5 11. d3 d6 12. Rb1 Rb8 13. Nd2 Nb4 14. Nde4 Nxe4 15. Bxe4 Bxe4 16. dxe4 Re8 17. Qd2 Bf8 18. Rfd1 Qg5 19. h4 Qg4 20. a3 Nc6 21. Nd5 Qf3 22. Qc2 Ne7 23. Nc3 Red8 24. Rd2 h6 25.
Rbd1 Nc6 26. Nd5 g5 27. hxg5 hxg5 28. Bc3 Re8 29. Qd3 Re6 30. Qe2 Qxe4 31. f3 Qh7 32. e4 Nd4 33. Bxd4 cxd4 34. Kg2 Rh6 35. Rh1 Bg7 36. Rdd1 Rxh1 37. Rxh1 Qxh1+ 38. Kxh1 Rb1+ 39. Kg2 1-0

[Event "*** Titled Tuesday Blitz"]
[Site "Chess.com"]
[Date "2018.11.06"]
[Round "9"]
[White "woodhy"]
[Black "biostatistician"]
[Result "0-1"]
[WhiteElo "2430"]
[BlackElo "2646"]
[TimeControl "180+2"]
[EndTime "15:04:31 PST"]
[Termination "biostatistician won by resignation"]

1. e4 e6 2. b3 d5 3. Bb2 dxe4 4. Qe2 Nf6 5. g4 Nc6 6. Bg2 Bc5 7. g5 Nd5 8. h4 Bd4 9. Nc3 Nxc3 10. Bxc3 Bxc3 11. dxc3 Qd6 12. Bxe4 Bd7 13. Qd2 Qxd2+ 14. Kxd2 O-O-O 15. Ke3 Ne5 16. f4 Ng4+ 17. Kf3 h5 18. Nh3 e5 19.
f5 f6 20. Nf2 Nxf2 21. Kxf2 fxg5 22. hxg5 Rdf8 23. Ke3 Bxf5 24. Raf1 Bxe4 25. Rxf8+ Rxf8 26. Kxe4 g6 27. Kd5 Kd7 28. Rg1 Rf5 29. a4 c6+ 30. Ke4 Ke6 31. b4 Rf4+ 32. Ke3 Rg4 33. Rd1 Rxg5 34.
a5 Rg3+ 35. Ke4 Rxc3 36. Rg1 Rc4+ 37. Kd3 Rg4 38. Rb1 a6 39. c4 h4 40. b5 cxb5 41. cxb5 axb5 42. Rxb5 Ra4 43. Ke3 Kf5 44. Kf2 g5 45. Kg2 g4 46. Kh2 Kf4 47. Rxb7 Ra2+ 48. Kh1 Rxa5 49. Rh7 Kg3 50. Ra7 Rxa7 0-1

[Event "*** Titled Tuesday Blitz"]
[Site "Chess.com"]
[Date "2018.11.06"]
[Round "9"]
[White "Peroncio"]
[Black "AsaHoffmann"]
[Result "1-0"]
[WhiteElo "2627"]
[BlackElo "2077"]
[TimeControl "180+2"]
[EndTime "15:04:35 PST"]
[Termination "Peroncio won by resignation"]

1. e4 d6 2. d4 Nf6 3. Nc3 c6 4.
Bd3 e5 5. Nf3 Bg4 6. Ne2 Bxf3 7. gxf3 Nbd7 8. c3 Be7 9. Be3 d5 10.
Ng3 g6 11. h4 h5 12. f4 dxe4 13.
Nxe4 Nxe4 14. Bxe4 exf4 15. Bxf4 Bxh4 16. Qe2 O-O 17.
O-O-O Bg5 18. Qd2 Bxf4 19. Qxf4 Qf6 20. Qg3 Rfe8 21. Bd3 Kf8 22. f4 Qe6 23. f5 Qe3+ 24. Qxe3 Rxe3 25. fxg6 Nf6 26. gxf7 Kxf7 27. Bc4+ Kg7 28.
Rdg1+ Kh6 29. Bf7 Rf3 30. Bb3 Rf8 31. Bd1 Rf5 32. Bc2 Rg5 33. Rf1 Nd7 34. Re1 Rf6 35. Re7 Rg7 36. Rxg7 Kxg7 37. Rxh5 Rf1+ 38. Kd2 Nf6 39. Rh2 Nd5 40. Rh7+ Kf6 41. Rh2 b5 42. Be4 Kg5 43. Bxd5 cxd5 44. Re2 Kf6 45. Kc2 a5 46. Kb3 Rf5 47. a4 bxa4+ 48. Kxa4 1-0

[Event "*** Titled Tuesday Blitz"]
[Site "Chess.com"]
[Date "2018.11.06"]
[Round "9"]
[White "tactics321"]
[Black "DawidCzerw"]
[Result "0-1"]
[WhiteElo "2360"]
[BlackElo "2277"]
[TimeControl "180+2"]
[EndTime "15:04:41 PST"]
[Termination "DawidCzerw won by resignation"]

1. e4 c5 2. Nf3 g6 3. d4 cxd4 4. Nxd4 Nc6 5. c4 Nf6 6. Nc3 d6 7. Be2 Nxd4 8. Qxd4 Bg7 9. Bg5 O-O 10. Qd2 a5 11. O-O a4 12. Rac1 Qa5 13. Rfd1 Be6 14. f3 Rfc8 15. Nd5 Bxd5 16. cxd5 Qxd2 17. Bxd2 Nd7 18. Rxc8+ Rxc8 19. Rc1 Rc5 20. Be3 Bd4 21. Bxd4 Rxc1+ 22. Kf2 Nc5 23. Ke3 Rh1 24. h3 Rb1 25. Kd2 Ra1 26. Bc4 b5 27. Bxb5 Rxa2 28. Bc4 Nb3+ 29. Bxb3 axb3 30. Kc3 e6 31. Kxb3 Ra1 32.
Kc4 Rc1+ 33. Bc3 Kf8 34. b4 Ke7 35. b5 Kd7 36. b6 Kc8 37. dxe6 fxe6 38. Kd3 Kb7 39. Bd4 Kc6 40. Ke2 Rc2+ 41. Kf1 d5 42.
exd5+ exd5 43. Bf2 Rb2 44. Ke1 Rb4 45. Ke2 d4 46.
Kd3 Kd5 47. b7 Rb3+ 48. Kc2 Rxb7 49. Kd3 Rb3+ 50. Kc2 Ra3 51. Kb2 Ra8 52. Kc2 Kc4 53. Bxd4 Kxd4 0-1

[Event "*** Titled Tuesday Blitz"]
[Site "Chess.com"]
[Date "2018.11.06"]
[Round "9"]
[White "Chessialist"]
[Black "RaphaeI"]
[Result "1-0"]
[WhiteElo "2594"]
[BlackElo "2570"]
[TimeControl "180+2"]
[EndTime "15:04:41 PST"]
[Termination "Chessialist won by resignation"]

1. e4 c5 2. Nf3 g6 3. d4 cxd4 4. Qxd4 Nf6 5. e5 Nc6 6. Qa4 Nd5 7. Qb3 e6 8. Bg5 Qc7 9. Nbd2 Nxe5 10. O-O-O Bg7 11.
Nxe5 Qxe5 12. h4 O-O 13. Bc4 Nb6 14. Bd3 d5 15. f4 Qc7 16. h5 Bd7 17. hxg6 hxg6 18.
Bh6 Rfc8 19. Bxg7 Kxg7 20. Qb4 Qc5 21. Qxc5 Rxc5 22. g4 Rac8 23. Kb1 Bb5 24. Bxb5 Rxb5 25. f5 Nc4 26. Nb3 Ne3 27. Rde1 Nxg4 28. fxe6 f5 29. e7 Re8 30. Nd4 Ra5 31. Ne6+ Kf6 32. b4 Ra3 33. Nc7 Rxe7 34. Nxd5+ 1-0

[Event "*** Titled Tuesday Blitz"]
[Site "Chess.com"]
[Date "2018.11.06"]
[Round "9"]
[White "GadimbayliA"]
[Black "Alopekos"]
[Result "1/2-1/2"]
[WhiteElo "2648"]
[BlackElo "2496"]
[TimeControl "180+2"]
[EndTime "15:04:56 PST"]
[Termination "Game drawn by repetition"]

1. Nf3 Nf6 2. b3 g6 3. Bb2 Bg7 4. e3 c5 5. Be2 O-O 6. c4 Nc6 7. O-O b6 8. Nc3 Bb7 9. d4 cxd4 10. Nxd4 Nxd4 11. Qxd4 Ne4 12. Qd3 Nxc3 13. Bxc3 Bxc3 14.
Qxc3 d6 15. Rad1 Qc7 16. Rd4 Rfc8 17. Rfd1 b5 18. Rh4 bxc4 19. Rxc4 Qb6 20. Bg4 Rxc4 21. Qxc4 a5 22. Rc1 h5 23. Bh3 a4 24. bxa4 Qb2 25. g3 Rxa4 26. Qxa4 Qxc1+ 27. Bf1 Bf3 28. Qc4 Qa3 29.
Qb3 Qc1 30. Qc4 Qa3 31. Qb3 Qc1 32. Qc4 Qa3 1/2-1/2

[Event "*** Titled Tuesday Blitz"]
[Site "Chess.com"]
[Date "2018.11.06"]
[Round "9"]
[White "Bauxi435"]
[Black "IvanRadivojevic"]
[Result "0-1"]
[WhiteElo "2433"]
[BlackElo "2419"]
[TimeControl "180+2"]
[EndTime "15:04:56 PST"]
[Termination "IvanRadivojevic won by resignation"]

1. d4 Nf6 2. c4 e6 3. Nc3 Bb4 4. f3 c5 5. d5 Bxc3+ 6. bxc3 d6 7. e4 e5 8. Bd3 Qe7 9. Ne2 Nbd7 10. O-O h6 11. Ng3 Nf8 12. f4 Ng6 13. f5 Nf8 14. Qf3 Kd8 15. a4 Kc7 16. a5 Rb8 17. Nh5 Nxh5 18. Qxh5 Nh7 19. Be3 Bd7 20. Kh1 Nf6 21. Qf3 Rbf8 22. Rfb1 Bc8 23. Qd1 g6 24. fxg6 fxg6 25.
Qd2 Ng4 26. Bg1 h5 27. Rf1 Rxf1 28. Rxf1 Rf8 29. Re1 Qh4 30. h3 Qg3 31. Rf1 Rxf1 32. Bxf1 Nf6 33. Bf2 Nxe4 34. Bxg3 Nxd2 35. Bd3 Bf5 36.
Be2 Nb3 37. Be1 Nxa5 38. g4 hxg4 39. hxg4 Bc2 40. Kg1 Nb3 41. Kf2 a5 42. Ke3 e4 43.
g5 a4 44. Bh5 a3 45. Bxg6 a2 46. Bh5 a1=Q 47. Kf2 Qc1 48. g6 Qf4+ 0-1

[Event "*** Titled Tuesday Blitz"]
[Site "Chess.com"]
[Date "2018.11.06"]
[Round "9"]
[White "Jenia84"]
[Black "matiss90"]
[Result "1-0"]
[WhiteElo "2262"]
[BlackElo "2408"]
[TimeControl "180+2"]
[EndTime "15:04:57 PST"]
[Termination "Jenia84 won on time"]

1. d4 Nf6 2. Bf4 g6 3. Nc3 d6 4. Qd2 c6 5. e4 b5 6. Bd3 Nh5 7. Bg5 h6 8. Be3 e5 9. f3 Bg7 10. Nce2 Nd7 11. g4 Nf4 12. Nxf4 exf4 13. Bxf4 Bxd4 14. Bxd6 Bxb2 15. Rb1 Be5 16. Be2 Qh4+ 17. Kf1 Qf6 18. Rd1 Bxd6 19. Qxd6 Qxd6 20. Rxd6 Ne5 21. Nh3 Ke7 22. Rd4 Be6 23. Kf2 Rhd8 24. c3 Bxa2 25.
Ra1 Bc4 26. Nf4 Bxe2 27. Kxe2 a5 28. Rxd8 Kxd8 29. Nd3 Nxd3 30. Kxd3 a4 31. Kc2 g5 32. Kb2 Ke7 33. h4 Kf6 34. hxg5+ 1-0

[Event "*** Titled Tuesday Blitz"]
[Site "Chess.com"]
[Date "2018.11.06"]
[Round "9"]
[White "Jospem"]
[Black "MITerryble"]
[Result "1-0"]
[WhiteElo "2818"]
[BlackElo "2758"]
[TimeControl "180+2"]
[EndTime "15:05:00 PST"]
[Termination "Jospem won by resignation"]

1. e4 e6 2. d4 d5 3. Nc3 Nf6 4. e5 Nfd7 5. f4 c5 6. Nf3 Nc6 7. Be3 Be7 8. Qd2 O-O 9. Be2 b6 10. O-O f5 11. Nd1 cxd4 12. Nxd4 Nxd4 13. Bxd4 Nc5 14.
Nf2 Bb7 15. Qe3 Rc8 16. c3 Qc7 17. Kh1 Kh8 18. g4 g6 19. Rg1 Ne4 20. gxf5 gxf5 21.
Nxe4 dxe4 22. Rg3 Rg8 23. Rag1 Bh4 24. Rxg8+ Rxg8 25. Rxg8+ Kxg8 26. Bd1 Qc4 27. Kg2 Ba6 28.
Kh3 Qf1+ 29. Kxh4 Qxd1 30. Qg3+ Kf7 31. Kg5 Be2 32. Kh6 Bg4 33. Qh4 Ke8 34. Kg7 Qa4 35. Qxh7 Qd7+ 36. Kh8 Qxh7+ 37. Kxh7 Kf7 38. Kh6 Bd1 39.
Kg5 Be2 40. h4 Bd1 41. h5 Be2 42. h6 Bc4 43. b3 Bd5 44. c4 Bc6 45. Be3 Be8 46.
b4 b5 47. cxb5 Bxb5 48. Bxa7 Bc4 49. a4 1-0

[Event "*** Titled Tuesday Blitz"]
[Site "Chess.com"]
[Date "2018.11.06"]
[Round "9"]
[White "PawnEatingZombie"]
[Black "Andrew-FB00"]
[Result "1-0"]
[WhiteElo "2097"]
[BlackElo "1776"]
[TimeControl "180+2"]
[EndTime "15:05:02 PST"]
[Termination "PawnEatingZombie won by resignation"]

1. d4 Nf6 2. c4 e6 3. Nc3 Bb4 4. Qc2 b6 5. e4 Bb7 6. Bd3 O-O 7.
Ne2 d6 8. O-O Bxc3 9. Nxc3 e5 10. d5 Nbd7 11. Bd2 Nc5 12. b4 Nxd3 13. Qxd3 Qd7 14. f3 h6 15. Be3 Nh5 16. Rfd1 Qe7 17. c5 Rfc8 18. c6 Rcb8 19. cxb7 Rxb7 20. b5 Qh4 21.
Ne2 Rf8 22. Bf2 Qg5 23. Qd2 Qg6 24. Ng3 Nf4 25. Be3 Nh5 26. Nxh5 Qxh5 27. Kh1 f5 28. exf5 Qxf5 29. Qd3 Qf6 30. Rac1 Rf7 31. Rf1 g5 32.
Qe4 Rb8 33. Rf2 Rbf8 34. Rcf1 Kg7 35. g3 Qe7 36. f4 exf4 37. Bd4+ Kg8 38. Qg6+ Rg7 39.
Qxg7+ Qxg7 40. Bxg7 1-0

[Event "*** Titled Tuesday Blitz"]
[Site "Chess.com"]
[Date "2018.11.06"]
[Round "9"]
[White "MikaelyanArman"]
[Black "Fins0905"]
[Result "0-1"]
[WhiteElo "2713"]
[BlackElo "2616"]
[TimeControl "180+2"]
[EndTime "15:05:09 PST"]
[Termination "Fins0905 won by resignation"]

1. e4 d5 2. e5 c5 3. Nf3 Nc6 4. Bb5 Bg4 5. O-O e6 6. h3 Bh5 7. d3 Ne7 8. Bf4 a6 9. Bxc6+ Nxc6 10. Nbd2 Be7 11. Re1 b5 12. Nf1 a5 13. Ng3 Bg6 14. a4 b4 15. Qd2 O-O 16. Nh2 Nd4 17. Ng4 b3 18. c3 Nc2 19. Rac1 Nxe1 20. Rxe1 Qb6 21.
Bg5 Bxg5 22. Qxg5 Qd8 23. Qe3 d4 24. cxd4 Qxd4 25. Qf3 Qxb2 26. h4 Qc3 27. Rd1 h5 28. Nf6+ gxf6 29. Qxf6 Qd4 30. Nxh5 Bxh5 31. Qg5+ Bg6 32.
h5 Kg7 33. Re1 Qxd3 34. g4 b2 35. Qf6+ Kh7 36. hxg6+ Qxg6 37. Qh4+ Kg7 38. Kg2 b1=Q 39. Rxb1 Qxb1 40. Qf6+ Kg8 41. Qg5+ Qg6 0-1

[Event "*** Titled Tuesday Blitz"]
[Site "Chess.com"]
[Date "2018.11.06"]
[Round "9"]
[White "AlexTriapishko"]
[Black "GianmarcoVaR"]
[Result "1-0"]
[WhiteElo "2761"]
[BlackElo "2551"]
[TimeControl "180+2"]
[EndTime "15:05:12 PST"]
[Termination "AlexTriapishko won by checkmate"]

1. e4 g6 2. d4 Bg7 3. Nc3 d6 4.
Be3 a6 5. Qd2 b5 6. h4 h6 7. f3 Nd7 8. Nh3 c5 9. dxc5 Nxc5 10.
Bxc5 dxc5 11. Qxd8+ Kxd8 12. O-O-O+ Kc7 13. a4 Bxc3 14. bxc3 bxa4 15. Nf4 e6 16. Nd3 Nf6 17. Nxc5 a3 18. Bc4 Kc6 19. Nd3 Nd7 20. Kb1 a5 21. Ka2 Ba6 22. Bb3 Bxd3 23. cxd3 Nc5 24. Bc2 a4 25.
Rb1 Rhd8 26. d4 Nb3 27. Bxb3 axb3+ 28. Rxb3 Rdb8 29. Rhb1 Rxb3 30. Rxb3 Ra6 31. Rxa3 Rb6 32. Rb3 Ra6+ 33. Kb2 Kc7 34. c4 Rd6 35. d5 exd5 36. exd5 g5 37. hxg5 hxg5 38. Kc3 g4 39. Kd4 gxf3 40.
Rxf3 Rg6 41. Rxf7+ Kd8 42. Rf2 Rg4+ 43. Kc5 Ke7 44.
Re2+ Kd7 45. Kb5 Kd6 46. Re6+ Kc7 47. c5 Rxg2 48. Re7+ Kd8 49. d6 Kc8 50. Kc6 Kd8 51. Ra7 Ke8 52. Ra8+ Kf7 53. d7 Rg6+ 54. Kc7 Ke6 55.
Re8+ Kd5 56. d8=Q+ Kxc5 57. Re5+ Kc4 58. Qd5+ Kc3 59.
Re3+ Kb2 60. Qd2+ Kb1 61. Re1# 1-0

[Event "*** Titled Tuesday Blitz"]
[Site "Chess.com"]
[Date "2018.11.06"]
[Round "9"]
[White "nitpicker"]
[Black "Zarikovs1999"]
[Result "0-1"]
[WhiteElo "2167"]
[BlackElo "2336"]
[TimeControl "180+2"]
[EndTime "15:05:20 PST"]
[Termination "Zarikovs1999 won on time"]

1. d4 Nf6 2. c4 c5 3. d5 b5 4.
cxb5 a6 5. bxa6 g6 6. Nc3 Bg7 7. e4 O-O 8. h3 Qa5 9. Bd2 Bxa6 10. Bxa6 Qxa6 11. Qe2 e6 12. d6 Nc6 13. Qxa6 Rxa6 14. Nge2 Rb8 15. Rb1 Nb4 16. O-O Nxa2 17. Be3 c4 18.
Rfd1 Nxc3 19. Nxc3 Ne8 20. Bc5 Rc6 21. Ba3 Rb3 22.
Rbc1 f5 23. f3 Be5 24. Na4 Bf4 25. Rc2 Kf7 26. Nc5 Rxa3 27. bxa3 Rxc5 28. Kf2 Bxd6 29. Rdc1 Ra5 30. Rd1 Bc5+ 31. Kg3 d6 32. exf5 gxf5 33. Rxc4 Rxa3 34. Rh4 Nf6 35. Kh2 d5 36. Rc1 Bd6+ 37. Kg1 Ra2 38. Rc6 Bg3 0-1

[Event "*** Titled Tuesday Blitz"]
[Site "Chess.com"]
[Date "2018.11.06"]
[Round "9"]
[White "olksuna"]
[Black "gmjlh"]
[Result "0-1"]
[WhiteElo "2526"]
[BlackElo "2623"]
[TimeControl "180+2"]
[EndTime "15:05:22 PST"]
[Termination "gmjlh won by resignation"]

1. c4 e5 2. g3 c6 3. Nf3 e4 4.
Nd4 d5 5. cxd5 Qxd5 6. Nc2 Nf6 7. Nc3 Qe5 8. Bg2 Be7 9. d4 exd3 10. Qxd3 O-O 11. O-O Qh5 12. Bf4 Rd8 13. Qf3 Bg4 14. Qe3 Bc5 15. Qe5 Qxe5 16. Bxe5 Nbd7 17. Bf4 Nb6 18.
Rad1 Nbd5 19. Nxd5 Nxd5 20. Bxd5 Rxd5 21. Rxd5 cxd5 22.
Rd1 Bxe2 23. Rxd5 Rc8 24. Nd4 Bc4 25. Rd7 Bxa2 26. Be5 h5 27. Kg2 Re8 28. Bf4 Re7 29. Rd8+ Kh7 30. Nf5 Re2 31. Be3 Bxe3 32. Nxe3 Rxb2 33.
Rd7 a5 34. Kf3 a4 35. Rd4 b5 0-1

[Event "*** Titled Tuesday Blitz"]
[Site "Chess.com"]
[Date "2018.11.06"]
[Round "9"]
[White "GukeshDommaraju"]
[Black "Fy_Rakotomaharo"]
[Result "0-1"]
[WhiteElo "2658"]
[BlackElo "2425"]
[TimeControl "180+2"]
[EndTime "15:05:23 PST"]
[Termination "Fy_Rakotomaharo won by resignation"]

1. Nf3 Nf6 2. g3 g6 3. Bg2 Bg7 4. O-O O-O 5. d4 d5 6. c4 c6 7. Nbd2 a5 8. b3 a4 9. Bb2 Bf5 10. Qc1 Nbd7 11. e3 Qa5 12. Bc3 Qa6 13. Qb2 a3 14.
Qc1 Bd3 15. Re1 dxc4 16. bxc4 Bxc4 17. Bb4 Nd5 18. Bxe7 Nxe7 19. Nxc4 c5 20. Ncd2 Nc6 21. Ne4 cxd4 22. exd4 Nxd4 23. Nxd4 Bxd4 24. Rd1 Bb2 25. Qh6 Bxa1 26. Rxa1 Nf6 27. Ng5 Qe2 28. Bf3 Qb2 29. Rd1 Rad8 30. Bd5 Qxf2+ 31. Kxf2 Ng4+ 32. Kg2 Nxh6 33. Bb3 Rxd1 34. Bxd1 Rd8 35. Bb3 Rd2+ 36. Kg1 Rb2 37.
Bd5 b5 38. Ne4 b4 39. Nc5 Ng4 40. Nd3 Rb1+ 41. Kg2 Ne3+ 0-1

[Event "*** Titled Tuesday Blitz"]
[Site "Chess.com"]
[Date "2018.11.06"]
[Round "9"]
[White "Ar4uha"]
[Black "jacky72"]
[Result "0-1"]
[WhiteElo "2615"]
[BlackElo "2704"]
[TimeControl "180+2"]
[EndTime "15:05:27 PST"]
[Termination "jacky72 won by checkmate"]

1. e4 e5 2. Nf3 Nc6 3. d4 exd4 4. Nxd4 Nf6 5. Nxc6 bxc6 6. Qe2 a5 7. e5 Nd5 8. c4 Ba6 9. Nd2 Nb6 10. Qe4 Qe7 11. Bd3 Qe6 12. O-O Be7 13. f4 g6 14. f5 gxf5 15.
Rxf5 O-O-O 16. Nf3 Bxc4 17. Be3 Qd5 18. Qxd5 Bxd5 19.
Ba6+ Kb8 20. Bg5 Bc5+ 21. Kh1 Rde8 22. Bf6 Rhg8 23. a3 d6 24. Rc1 Nd7 25. b4 axb4 26.
axb4 Be3 27. Re1 Bf2 28. Rf1 Bb6 29. exd6 cxd6 30. Bh4 Rg4 31. Bg3 Kc7 32. Rc1 Be6 33.
Rh5 Rxb4 34. Rxh7 Nf6 35. Rd1 Bc5 36. Rh4 Rxh4 37. Bxh4 Ne4 38. Nd4 Bg4 39. Be2 Nc3 40. Bxg4 Nxd1 41. Nb3 Bf2 42. Bf6 Re1# 0-1

[Event "*** Titled Tuesday Blitz"]
[Site "Chess.com"]
[Date "2018.11.06"]
[Round "9"]
[White "Saitama_Hero"]
[Black "Me_ch_an"]
[Result "1-0"]
[WhiteElo "2346"]
[BlackElo "2220"]
[TimeControl "180+2"]
[EndTime "15:05:29 PST"]
[Termination "Saitama_Hero won by checkmate"]

1. d4 d5 2. c4 dxc4 3. Nf3 Nf6 4. e3 Bg4 5. Bxc4 e6 6. h3 Bh5 7. Nc3 Nbd7 8. g4 Bg6 9. h4 Bb4 10. h5 Be4 11. Rg1 Nd5 12. Bd2 Bxc3 13. bxc3 c5 14. g5 a6 15. a4 Rc8 16. Ba2 cxd4 17. cxd4 Nc3 18. Bxc3 Rxc3 19. Nd2 Bc2 20. Qf3 Qe7 21. Qxb7 O-O 22. Qb2 Rfc8 23. Rc1 Nb6 24. Qxb6 Qa3 25.
Ke2 Qxa2 26. Kf3 Qd5+ 27. Kg4 Bf5+ 28. Kh4 h6 29. Rxc3 Rxc3 30. gxh6 g6 31. Qb8+ Kh7 32.
Qf8 Qxd4+ 33. exd4 Rh3+ 34. Kg5 Rxh5+ 35. Kf6 Rxh6 36.
Qg7# 1-0

[Event "*** Titled Tuesday Blitz"]
[Site "Chess.com"]
[Date "2018.11.06"]
[Round "9"]
[White "EvgenyT"]
[Black "iturrizaga"]
[Result "1-0"]
[WhiteElo "2932"]
[BlackElo "2775"]
[TimeControl "180+2"]
[EndTime "15:05:40 PST"]
[Termination "EvgenyT won by resignation"]

1. c4 c5 2. Nf3 g6 3. d4 cxd4 4. Nxd4 Nc6 5. e4 Bg7 6. Be3 Nf6 7. Nc3 O-O 8. Be2 d6 9. O-O Bd7 10. Qd2 Nxd4 11. Bxd4 Bc6 12. f3 a5 13. b3 Nd7 14. Bf2 Nc5 15. Rab1 e6 16. Rfd1 Be5 17. Nb5 Bxb5 18. cxb5 Qf6 19. g3 Rfd8 20. Kg2 Bc3 21. Qe3 Rac8 22. f4 Bb4 23. Bf3 Qe7 24. Rbc1 Ba3 25. Rc4 Qe8 26. b6 Na6 27. Qc3 Bb4 28.
Qf6 Bc5 29. Be1 Bb4 30. Bf2 Bc5 31. Be1 Nb8 32. Bc3 e5 33. Bg4 Rc6 34. fxe5 d5 35. e6 d4 36. exf7+ Qxf7 37. Qxd8+ Kg7 38. Bxd4+ 1-0